 Dungeon Crawl Stone Soup version 0.22.0-75-g3901e79 (webtiles) character file.

147 inc the Magician (level 5, -1/35 HPs)
             Began as a Mummy Fire Elementalist on Sept 15, 2018.
             Was an Initiate of Gozag.
             Slain by an orc wizard
             ... wielding a +0 dagger
              (2 damage)
             ... on level 2 of the Dungeon.
             The game lasted 00:04:03 (2534 turns).

inc the Magician (Mummy Fire Elementalist)          Turns: 2534, Time: 00:04:03

Health: -1/35      AC:  3    Str: 12    XL:     5   Next: 8%
Magic:  8/10       EV: 12    Int: 15    God:    Gozag
Gold:   63         SH:  0    Dex: 12    Spells: 10/11 levels left

rFire    x . .     SeeInvis .   d - +0 short sword
rCold    + . .     Gourm    .   (no shield)
rNeg     + + +     Faith    .   a - +0 robe
rPois    ∞         Spirit   .   (no helmet)
rElec    .         Reflect  .   (no cloak)
rCorr    .         Harm     .   (no gloves)
MR       .....                  f - +0 pair of boots
Stlth    ++........             (no amulet)
HPRegen  0.11/turn              (no ring)
MPRegen  0.12/turn              (no ring)

@: no status effects
A: no food or potions, fire vulnerability, cold resistance 1, negative energy
resistance 3, torment resistance, unbreathing
a: Potion Petition, Call Merchant, Bribe Branch, Renounce Religion


You were on level 2 of the Dungeon.
You worshipped Gozag.
Gozag was noncommittal.
You were not hungry.

You visited 1 branch of the dungeon, and saw 3 of its levels.

You collected 68 gold pieces.
You paid 5 gold pieces to Gozag.

Inventory:

Hand Weapons
 d - a +0 short sword (weapon)
Armour
 a - a +0 robe (worn)
 f - a +0 pair of boots (worn)
Scrolls
 b - a scroll of amnesia {unknown}
 c - a scroll of enchant armour {unknown}
 e - 2 scrolls of identify {unknown}
 g - a scroll of magic mapping {unknown}
 h - a scroll of enchant weapon {unknown}
 i - a scroll of immolation {unknown}


   Skills:
 - Level 1.5 Dodging
 - Level 1.5 Stealth
 + Level 3.8 Spellcasting
 + Level 3.1 Conjurations
 + Level 3.0 Fire Magic


You had 10 spell levels left.
You knew the following spells:

 Your Spells              Type           Power        Failure   Level  Hunger
a - Flame Tongue          Conj/Fire      ##...        5%          1    N/A

Your spell library contained the following spells:

 Spells                   Type           Power        Failure   Level  Hunger
 Throw Flame              Conj/Fire      ##....       8%          2    N/A
 Conjure Flame            Conj/Fire      ##......     16%         3    N/A
 Inner Flame              Hex/Fire       #.......     30%         3    N/A
 Sticky Flame             Conj/Fire      ##......     45%         4    N/A
 Fireball                 Conj/Fire      ##........   82%         5    N/A

Dungeon Overview and Level Annotations

Branches:
Dungeon (3/15)

Altars:
Gozag

Shops:
D:2 *

Annotations:
D:2 Sigmund


Innate Abilities, Weirdness & Mutations

You do not eat or drink.
Your flesh is vulnerable to fire.
You are immune to poison.
Your flesh is cold resistant. (rC+)
You are immune to negative energy. (rN+++)
You are immune to unholy pain and torment.
You can survive without breathing.


Message History

* * * LOW HITPOINT WARNING * * *
Casting: Flame Tongue (safe; 5% risk of failure)
Confirm with . or Enter, or press ? or * to list all spells.
Aiming: Flame Tongue (safe; 5% risk of failure)
Press: ? - help, Shift-Dir - straight line, f - orc wizard
Aim: an orc wizard, wielding a dagger and wearing a robe The flame tongue hits the orc wizard.
The orc wizard is heavily wounded.
The orc wizard hits you with a dagger.
* * * LOW HITPOINT WARNING * * *
Casting: Flame Tongue (safe; 5% risk of failure)
Confirm with . or Enter, or press ? or * to list all spells.
Aiming: Flame Tongue (safe; 5% risk of failure)
Press: ? - help, Shift-Dir - straight line, f/p - orc wizard
Aim: an orc wizard, wielding a dagger and wearing a robe (heavily wounded)
The flame tongue hits the orc wizard.
The orc wizard is severely wounded.
The orc wizard hits you with a dagger.
You die...
Your body crumbles into a pile of gold.

#....## #.###.###
#.#.....# #.#.#.#.#
#....##.# ###
##.#.###.#########..
##..#.# #.........#.#
##.#.#.# ########.....
#.###@.# #######.##..#
##.#o#####.......###..
##...........##......
#.####.###..###.....
#.#....# #..# #....#
#.#.##.###.## ####.#
#{#.#.#....# #.#
#.#.##.##### #.#
#.#.##.# #.#


You could see an orc wizard.

Vanquished Creatures
  An orc wizard (D:3)
  Jessica (D:2)
  3 adders (D:2)
  A worm (D:2)
  2 dart slugs
  A leopard gecko (D:1)
  An orc (D:3)
  2 ball pythons (D:1)
  7 bats
  4 giant cockroaches
  5 goblins
  5 hobgoblins
  8 jackals
  3 kobolds
  2 frilled lizards (D:1)
  13 rats
59 creatures vanquished.

Notes
Turn   | Place    | Note
-------+----------+-------------------------------------------
     0 | D:1      | inc the Mummy Fire Elementalist began the quest for the
                  | Orb.
     0 | D:1      | Reached XP level 1. HP: 13/13 MP: 4/4
     4 | D:1      | Reached skill level 1 in Conjurations
   113 | D:1      | Reached XP level 2. HP: 19/19 MP: 0/5
   639 | D:1      | Reached XP level 3. HP: 24/24 MP: 2/7
  1057 | D:2      | Noticed Sigmund
  1276 | D:2      | Noticed Jessica
  1279 | D:2      | Killed Jessica
  1279 | D:2      | Reached XP level 4. HP: 30/30 MP: 4/8
  2073 | D:2      | Found an opulent altar of Gozag.
  2075 | D:2      | Found Gozag's Platinum Reserve.
  2089 | D:2      | Became a worshipper of Gozag Ym Sagoz the Greedy
  2368 | D:3      | Reached XP level 5. HP: 35/35 MP: 6/10
  2533 | D:2      | HP: 1/35 [orc wizard/dagger (4)]
  2534 | D:2      | Slain by an orc wizard

Skill      XL: |  1  2  3  4 |
---------------+-------------+-----
Conjurations   | 1 2 3 |  3.1
Spellcasting   | 3 |  3.8
Fire Magic     | 3 |  3.0
Dodging        | |  1.5
Stealth        | |  1.5

Action                   |  1- 3 |  4- 6 || total
-------------------------+-------+-------++-------
Melee: Short sword       |       |     6 ||     6
 Cast: Flame Tongue      |    52 |    53 ||   105
Armor: Robe              |     3 |     6 ||     9
Dodge: Dodged            |    16 |    14 ||    30
